 Dungeon Crawl Stone Soup version 0.18-b1-2-gd0c887e (webtiles) character file.

5700 MrTails the Protected (level 10, 0/56 HPs)
             Began as a Gargoyle Berserker on Apr 28, 2016.
             Was an Elder of Trog.
             Slain by an eight-headed hydra (3 damage)
             ... on level 1 of the Lair of Beasts.
             The game lasted 00:27:37 (9416 turns).

MrTails the Protected (Gargoyle Berserker)          Turns: 9416, Time: 00:27:38

Health: 0/56       AC: 19    Str: 24    XL:     10   Next: 76%
Magic:  10/10      EV:  6    Int:  8    God:    Trog [****..]
Gold:   634        SH:  7    Dex: 11    Spells: 0 memorised, 9 levels left

rFire  . . .     SeeInvis .     z - +0 war axe
rCold  . . .     Gourm    .     n - +0 chain mail
rNeg   + . .     Faith    .     B - +0 shield
rPois  ∞         Spirit   .     (no helmet)
rElec  +         Dismiss  .     (no cloak)
rCorr  .         Reflect  .     (no gloves)
SustAt .         Harm     .     (no boots)
MR     +....                    (no amulet)
Stlth  ..........               t - ring of protection from magic
                                (no ring)

@: somewhat resistant to hostile enchantments, extremely unstealthy
A: agile 1, negative energy resistance 1, electricity resistance, unbreathing,
petrification resistance, rot immunity, AC +7
a: Berserk, Trog's Hand, Brothers in Arms, Burn Spellbooks, Renounce Religion


You were on level 1 of the Lair of Beasts.
You worshipped Trog.
Trog was greatly pleased with you.
You were not hungry.

You visited 2 branches of the dungeon, and saw 11 of its levels.

You collected 634 gold pieces.

Inventory:

Hand Weapons
 k - a +0 battleaxe
 y - a +0 broad axe
 z - a +0 war axe (weapon)
Armour
 n - a +0 chain mail (worn)
 B - a +0 shield (worn)
Jewellery
 t - a ring of protection from magic (right hand)
 C - an uncursed amulet of dismissal
Wands
 a - a wand of disintegration (4/24)
 m - a wand of flame (31/48)
 o - a wand of iceblast (9/15)
 D - a wand of enslavement (19/24)
Scrolls
 d - 3 scrolls of remove curse
 e - 2 scrolls of identify
 j - a scroll of blinking
 l - 3 scrolls of fear
 p - 4 scrolls of teleportation
Potions
 b - a potion of cure mutation
 f - 3 potions of magic
 i - 3 potions of heal wounds
 q - a potion of beneficial mutation
 v - a potion of berserk rage
 w - 2 potions of curing
 x - 2 potions of haste
 A - a potion of ambrosia
 E - a potion of degeneration {unknown}
Comestibles
 c - 3 bread rations
 g - 2 beef jerkies
 h - 5 meat rations


   Skills:
 - Level 3.2 Fighting
 + Level 10.6 Axes
 + Level 12.1 Armour
 - Level 1.5 Dodging


You had 9 spell levels left.
You didn't know any spells.

Dungeon Overview and Level Annotations

Branches:
Dungeon (10/15)            Temple (0/1) D:7            Lair (1/8) D:9
    Orc: D:9-12

Altars:
Cheibriados
Dithmenos
Fedhas
Gozag
Kikubaaqudgha
Pakellas
Zin
The Shining One

Shops:
D:5 }

Annotations:
D:6 senseless's ghost, novice MiFi
D:10 Snorg


Innate Abilities, Weirdness & Mutations

You are resistant to torment.
Your stone body is resilient (AC +7).
You are immune to poison.
You resist negative energy.
You are resistant to electric shocks.
You can survive without breathing.
You are immune to petrification.
You are immune to rotting.
You are agile. (Dex +2)


Message History

The seven-headed hydra bites you!
* * * LOW HITPOINT WARNING * * *
The seven-headed hydra bites you.
* * * LOW HITPOINT WARNING * * *
The seven-headed hydra bites you.
* * * LOW HITPOINT WARNING * * *
The seven-headed hydra bites you but does no damage.
The seven-headed hydra bites you.
* * * LOW HITPOINT WARNING * * *
You slice one of the seven-headed hydra's heads off!
The six-headed hydra grows two more!
You hit the eight-headed hydra.
The eight-headed hydra is severely wounded.
The eight-headed hydra is engulfed in roaring flames.
The eight-headed hydra bites you.
* * * LOW HITPOINT WARNING * * *
The eight-headed hydra closely misses you.
The eight-headed hydra bites you but does no damage. x3
The eight-headed hydra closely misses you.
The eight-headed hydra bites you.
You die...

#####P######.#..#
##..............†###
....P............#(.
..##P...#.####...#.#
#....#.# ##..#
###.#.#.# ...#
#.....#.P .....
#.....#.# #...#.#
#@##..............
#D###...P## #.#
#.#..# #.. ...#.#
.##.#.###.# # .D.#
#. #. .. ..


You could see an eight-headed hydra.

Vanquished Creatures
  Erica (D:8)
  A two-headed ogre (D:8)
  Sigmund (D:6)
  A wyvern (D:8)
  Grum (D:8)
  A hippogriff (D:9)
  A hungry ghost (D:8)
  2 ice beasts
  An orc warrior (D:9)
  A black bear (D:6)
  A necrophage (D:5)
  2 phantoms
  A sky beast (D:5)
  4 ogres
  4 wolves (D:8)
  4 centaurs
  A crocodile (Lair:1)
  2 big kobolds
  A gnoll sergeant (D:8)
  3 giant frogs
  3 wyvern zombies
  A wyvern skeleton (D:3)
  5 scorpions
  3 killer bees (D:9)
  3 wights (D:8)
  4 crimson imps
  A howler monkey (D:5)
  2 giant frog zombies
  5 hounds
  2 giant frog skeletons
  5 orc priests
  7 orc wizards
  An iguana (D:8)
  5 worker ants
  A killer bee zombie (D:9)
  A hound skeleton (D:8)
  A worker ant zombie (D:9)
  7 adders
  5 gnolls (D:8)
  2 howler monkey skeletons
  3 shadow imps
  2 oozes
  An adder skeleton (D:4)
  A worm (D:3)
  3 giant geckos
  23 orcs
  7 bats
  4 giant cockroaches
  9 goblins
  2 hobgoblins
  8 jackals
  16 kobolds
  7 quokkas
  8 giant newts
  A jackal skeleton (D:7)
  2 quokka skeletons
  12 rats
207 creatures vanquished.

Notes
Turn   | Place    | Note
--------------------------------------------------------------
     0 | D:1      | MrTails the Gargoyle Berserker began the quest for the Orb.
     0 | D:1      | Reached XP level 1. HP: 14/14 MP: 1/1
   102 | D:1      | Reached XP level 2. HP: 13/19 MP: 2/2
   756 | D:1      | Reached skill level 3 in Armour
   857 | D:1      | Reached XP level 3. HP: 22/23 MP: 3/3
   873 | D:2      | Reached ** piety under Trog
  1584 | D:3      | Reached XP level 4. HP: 19/28 MP: 4/4
  1588 | D:3      | Reached skill level 4 in Armour
  1711 | D:3      | Reached XP level 5. HP: 32/32 MP: 5/5
  2184 | D:3      | Reached skill level 5 in Armour
  2184 | D:3      | Reached XP level 6. HP: 5/37 MP: 6/6
  2478 | D:3      | Reached *** piety under Trog
  2837 | D:3      | Reached skill level 5 in Axes
  3277 | D:4      | Reached XP level 7. HP: 41/41 MP: 7/7
  3749 | D:5      | Entered Level 5 of the Dungeon
  3775 | D:5      | Reached skill level 6 in Armour
  4086 | D:5      | Found a glowing silver altar of Zin.
  4086 | D:5      | Found a snail-covered altar of Cheibriados.
  4088 | D:5      | Found an oddly glowing altar of Pakellas.
  4209 | D:5      | Reached skill level 7 in Armour
  4465 | D:5      | Reached XP level 8. HP: 40/46 MP: 8/8
  4494 | D:5      | Found an oddly glowing altar of Pakellas.
  4494 | D:5      | Found Pakellas's Prime Provisions.
  5160 | D:6      | Reached skill level 8 in Armour
  5318 | D:6      | Found a shadowy altar of Dithmenos.
  5532 | D:6      | Noticed senseless's ghost (novice MiFi)
  5860 | D:6      | Noticed Sigmund
  5874 | D:6      | Killed Sigmund
  5874 | D:6      | Reached skill level 9 in Armour
  5874 | D:6      | Reached XP level 9. HP: 46/51 MP: 9/9
  6092 | D:7      | Reached **** piety under Trog
  6247 | D:7      | Found a staircase to the Ecumenical Temple.
  6503 | D:7      | Found a blossoming altar of Fedhas.
  6568 | D:7      | Reached skill level 10 in Armour
  6827 | D:7      | Found a glowing golden altar of the Shining One.
  6994 | D:8      | Found an ancient bone altar of Kikubaaqudgha.
  7155 | D:8      | Noticed a two-headed ogre
  7167 | D:8      | Killed a two-headed ogre
  7239 | D:8      | Noticed Grum
  7260 | D:8      | Killed Grum
  7286 | D:8      | Reached XP level 10. HP: 32/56 MP: 10/10
  7608 | D:8      | Reached skill level 11 in Armour
  7652 | D:8      | Noticed Erica
  7669 | D:8      | Killed Erica
  7679 | D:8      | Reached skill level 10 in Axes
  7903 | D:8      | Gained mutation: You are agile. (Dex +2) [potion of beneficial mutation]
  8332 | D:9      | Found a staircase to the Lair.
  8332 | D:9      | Found an opulent altar of Gozag.
  8575 | D:9      | Found a glowing silver altar of Zin.
  8955 | D:9      | Reached skill level 12 in Armour
  9116 | D:10     | Entered Level 10 of the Dungeon
  9132 | D:10     | Noticed Snorg
  9375 | Lair:1   | Entered Level 1 of the Lair of Beasts
  9407 | Lair:1   | Noticed a four-headed hydra
  9416 | Lair:1   | Slain by an eight-headed hydra

Skill      XL: |  1  2  3  4  5  6  7  8  9 10 |
---------------+-------------------------------+-----
Axes           | 3 4 5 6 7 9 10 | 10.6
Armour         | 3 4 5 7 9 10 12 | 12.1
Fighting       | |  3.2
Dodging        | |  1.5

Action                   |  1- 3 |  4- 6 |  7- 9 | 10-12 || total
-------------------------+-------+-------+-------+-------++-------
Melee: Hand axe          |   121 |   222 |   263 |       ||   606
       Broad axe         |       |       |   263 |   119 ||   382
       War axe           |       |       |       |   157 ||   157
Invok: Berserk           |       |     5 |     6 |     4 ||    15
       Trog's Hand       |       |       |     2 |     1 ||     3
       Burn Spellbooks   |       |       |       |     2 ||     2
  Use: Scroll            |       |     5 |     2 |    14 ||    21
       Potion            |       |       |       |     1 ||     1
  Eat: Chunk             |     2 |    10 |    15 |     6 ||    33
       Fruit             |       |       |     3 |       ||     3
       Royal jelly       |       |       |     1 |     1 ||     2
       Bread ration      |       |       |       |     5 ||     5
       Meat ration       |       |       |       |     1 ||     1
       Pizza             |       |       |       |     1 ||     1
       Beef jerky        |       |       |       |     1 ||     1
Armor: Animal skin       |    42 |     3 |       |       ||    45
       Chain mail        |       |   161 |   404 |   236 ||   801
Dodge: Dodged            |    71 |    92 |   267 |   117 ||   547
Block: Shield            |       |       |       |    62 ||    62
